 Dungeon Crawl Stone Soup version 0.27-a0-417-g317cea8a3c (webtiles) character file.

Game seed: 16066901000961076642

65 wampuh the Changer (level 3, 0/28 HPs)
             Began as a Draconian Transmuter on Feb 25, 2021.
             Was a Plaything of Xom.
             Slain by a gnoll
             ... wielding a +0 spear
              (6 damage)
             ... on level 2 of the Dungeon.
             The game lasted 00:01:51 (1179 turns).

wampuh the Changer (Draconian Transmuter)           Turns: 1179, Time: 00:01:53

Health: 0/28       AC:  5    Str: 12    XL:     3   Next: 92%
Magic:  7/7        EV: 12    Int: 14    God:    Xom [..*...]
Gold:   44         SH:  0    Dex: 11    Spells: 7/8 levels left

rFire    . . .     SeeInvis .   i - +1 short sword (venom)
rCold    . . .     Faith    .   (no shield)
rNeg     . . .     Spirit   .   (armour unavailable)
rPois    .         Reflect  .   (helmet currently unavailable)
rElec    .         Harm     .   (no cloak)
rCorr    .         Rampage  .   (no gloves)
Will     .....                  (boots currently unavailable)
Stlth    +.........             (no amulet)
HPRegen  0.09/turn              (no ring)
MPRegen  0.10/turn              (no ring)

@: appendages (expiring)
A: unfitting armour, horns 2, talons 2, cold-blooded, AC +5
a: End Transformation, Renounce Religion


You were on level 2 of the Dungeon.
You worshipped Xom.
You were a toy of Xom.
You had grown temporary horns.
You had grown temporary talons.
You visited 1 branch of the dungeon, and saw 2 of its levels.

You collected 44 gold pieces.

Inventory:

Hand Weapons
 i - a +1 short sword of venom (weapon)
Scrolls
 d - 2 scrolls of magic mapping {unknown}
 f - a scroll of noise {unknown}
 h - a scroll of immolation {unknown}
Potions
 a - 2 potions of mutation {unknown}
 c - a potion of degeneration {unknown}
 e - 2 potions of heal wounds {unknown}
 g - a potion of brilliance {unknown}


   Skills:
 - Level 1.1 Fighting
 - Level 1.7 Dodging
 - Level 3.0 Unarmed Combat
 + Level 3.1 Spellcasting
 + Level 3.3 Transmutations


You had 7 spell levels left.
You knew the following spells:

 Your Spells              Type           Power        Failure   Level
a - Beastly Appendage     Tmut           22%          5%          1

Your spell library contained the following spells:

 Spells                   Type           Power        Failure   Level
 Wereblood                Tmut           11%          9%          2
 Spider Form              Tmut/Pois      3%           32%         3
 Ice Form                 Ice/Tmut       6%           71%         4
 Blade Hands              Tmut           5%           83%         5


Dungeon Overview and Level Annotations

Branches:
Dungeon (2/15)

Altars:
Xom


Innate Abilities, Weirdness & Mutations

Your plain brown scales are hard. (AC +5)
You cannot fit into any form of body armour.
You are cold-blooded and may be slowed by cold attacks.
You have a pair of horns on your head.
You have razor-sharp toenails.


Message History

You kill the gnoll!
Your Spellcasting skill increases to level 3!
No target in view!
Something unseen opens the door.
No target in view!
No target in view!
Your transformation is almost over.
A gnoll comes into view.
You extend your transformation's duration.
A leopard gecko comes into view.
The leopard gecko hisses angrily.
Things that are here:
a +0 spear; a lumpy yellow potion A gnoll comes into view.
It is wielding a +0 spear.
The gnoll shouts!
The gnoll closely misses you.
You hit the gnoll.
The gnoll is poisoned.
You claw the gnoll, but do no damage. Your headbutt misses the gnoll.
The gnoll is lightly wounded.
The gnoll hits you.
You hit the gnoll. Your kick misses the gnoll.
The gnoll is severely wounded.
The gnoll hits you.
The leopard gecko bites you but does no damage.
You barely miss the gnoll.
The gnoll is severely wounded.
The leopard gecko misses you. The gnoll hits you.
The leopard gecko barely misses you. The gnoll hits you.
You kill the gnoll!
You miss the leopard gecko.
Your tail-slap misses the leopard gecko.
Your transformation is almost over.
The leopard gecko misses you.
You hit the leopard gecko.
The leopard gecko is poisoned.
Your tail-slap misses the leopard gecko.
The leopard gecko is heavily wounded.
The leopard gecko bites you.
* * * LOW HITPOINT WARNING * * *
The gnoll hits you from afar with a +0 spear.
You die...

###+#.........<
#.....#.##...##
'.....#.†.....+
..#####.....#####..##
.....g'...........>##
#####g....########
#..g.).........#
#.#.l#......♣....#
#...@♣♣†♣..♣.♣♣..#
....##.♣..♣♣♣♣♣♣....###
### #.♣♣(.♣....♣♣.....#
#...♣♣.♣♣♣.♣♣.....#
#..... ♣♣♣♣..♣♣♣....#
##..♣ ♣♣.♣♣♣♣.†#### #..
♣)..♣.♣.## ## ♣♣♣_.♣..#
♣♣♣♣♣##


You could see a gnoll and a leopard gecko (very poisoned).

Vanquished Creatures
  2 gnolls (D:2)
  An adder (D:2)
  An ooze (D:2)
  A leopard gecko (D:1)
  6 bats
  A giant cockroach (D:1)
  6 goblins (D:1)
  3 hobgoblins (D:1)
  4 kobolds
  A quokka (D:2)
  A frilled lizard (D:1)
  5 rats
32 creatures vanquished.

Notes
Turn   | Place    | Note
-------+----------+-------------------------------------------
     0 | D:1      | wampuh the Draconian Transmuter began the quest for the
                  | Orb.
     0 | D:1      | Reached XP level 1. HP: 16/16 MP: 3/3
   248 | D:1      | Reached XP level 2. HP: 23/23 MP: 3/5
   978 | D:2      | Reached XP level 3. HP: 28/28 MP: 5/7
  1063 | D:2      | Found a faded altar of an unknown god.
  1066 | D:2      | Became a worshipper of Xom of Chaos
  1179 | D:2      | Slain by a gnoll

Illustrated notes

Levels and vault maps discovered:
D:1:      erik_arrival_cave_to_civilisation [erik_arrival_cave_to_hall],
          layout_basic, roderic_serpentine_path, minmay_cupped
D:2:      layout_basic, chequers_ecumenical_altar_grove, minmay_domino_2

Skill      XL: |  1  2  3 |
---------------+----------+-----
Transmutations | 3 |  3.3
Spellcasting   | 3 |  3.1
Fighting       | |  1.1
Dodging        | |  1.7
Unarmed Combat | |  3.0

Action                   || total
-------------------------++-------
Melee: Dagger            ||    56
       Unarmed           ||     6
       Kick              ||    17
       Tailslap          ||     5
       Punch             ||     1
       Headbutt          ||     9
       Short sword       ||    23
 Cast: Beastly Appendage ||    19
Armor: Skin              ||    31
Dodge: Dodged            ||    64

Table legend: (Time is in decaauts)
 A = Elapsed time spent in this place.
 B = Non-inter-level travel time spent in this place.
 C = Inter-level travel time spent in this place.
 D = Time resting spent in this place.
 E = Time spent auto-exploring this place.
 F = Levels seen in this place.
 G = Mean time per level.
                   A        B        C        D        E       F      G
               +--------+--------+--------+--------+--------+-----+--------+
         Total |   1160 |   1139 |     21 |      0 |    942 |   2 |  580.0 |
       Dungeon |   1160 |   1139 |     21 |      0 |    942 |   2 |  580.0 |
               +--------+--------+--------+--------+--------+-----+--------+

Top non-repeatable levels by time:
     D:1: 941 daAuts
     D:2: 218 daAuts
